 Dungeon Crawl Stone Soup version 0.28.0-47-ge53b351184 (webtiles) character file.

Game seed: 17435165889380571266

203 Descartes the Grasshopper (level 6, 0/44 HPs)
             Began as a Formicid Warper on May 9, 2022.
             Slain by a gnoll
             ... wielding a +0 whip
              (4 damage)
             ... on level 3 of the Dungeon.
             The game lasted 00:04:33 (4028 turns).

Descartes the Grasshopper (Formicid Warper)         Turns: 4028, Time: 00:04:34

Health: 0/44       AC:  7    Str: 17    XL:     6   Next: 8%
Magic:  9/9        EV: 11    Int: 13    God:
Gold:   71         SH:  0    Dex: 10    Spells: 9/9 levels left

rFire   . . .      SeeInvis +   a - +0 mace
rCold   . . .      Faith    .   (no shield)
rNeg    . . .      Spirit   .   n - +0 ring mail {rPois}
rPois   +          Reflect  .   (helmet unavailable)
rElec   .          Harm     .   i - +0 cloak
rCorr   .          Rampage  .   l - +0 pair of gloves
Will    .....                   (no boots)
Stlth   ..........              (no amulet)
HPRegen 0.14/turn               (no ring)
MPRegen 0.11/turn               (no ring)

@: no status effects
A: permanent stasis, dig shafts and tunnels, antennae 3, four strong arms
a: Dig, Shaft Self


You were on level 3 of the Dungeon.
You visited 1 branch of the dungeon, and saw 4 of its levels.

You collected 71 gold pieces.

Inventory:

Hand Weapons
 a - a +0 mace (weapon)
Missiles
 c - 5 boomerangs of dispersal (quivered)
 g - 100 stones
 k - 37 arrows
Armour
 i - a +0 cloak (worn)
 l - a +0 pair of gloves (worn)
 n - a +0 ring mail of poison resistance (worn)
Scrolls
 b - a scroll of enchant weapon {unknown}
 d - a scroll of fear {unknown}
 e - a scroll of blinking {unknown}
 h - 2 scrolls of identify {unknown}
 j - a scroll of holy word {unknown}
 m - a scroll of amnesia {unknown}
Potions
 f - a potion of resistance {unknown}
 o - a potion of curing {unknown}


   Skills:
 - Level 2.1 Fighting
 + Level 3.3 Maces & Flails
 - Level 1.0 Throwing
 + Level 3.1 Armour
 - Level 1.7 Dodging
 + Level 3.1 Shields
 - Level 2.1 Spellcasting
 + Level 3.6 Translocations


You had 9 spell levels left.
You didn't know any spells.
Your spell library contained the following spells:

 Spells                   Type           Power      Damage    Failure   Level
 Gell's Gravitas          Tloc           10%        N/A       30%         3
 Lesser Beckoning         Tloc           10%        N/A       30%         3
 Teleport Other           Tloc           10%        N/A       30%         3
 Summon Small Mammal      Summ           4%         N/A       41%         1
 Call Canine Familiar     Summ           1%         N/A       80%         3
 Summon Guardian Golem    Hex/Summ       1%         N/A       80%         3
 Manifold Assault         Tloc           10%        N/A       95%         5
 Blink                    Tloc           Unusable   N/A       N/A         2

Dungeon Overview and Level Annotations

Branches:
Dungeon (4/15)
 Temple: D:4-7

Altars:

Shops:
D:1 !


Innate Abilities, Weirdness & Mutations

You cannot be hasted, slowed, berserked, paralysed or teleported.
You can dig through walls and to a lower floor.
You have a pair of large antennae on your head. (SInv)
Your four strong arms can wield two-handed weapons with a shield.


Message History

The gnoll hits you with a +0 club. The gnoll closely misses you.
You hit the gnoll.
The gnoll is severely wounded.
The gnoll hits you but does no damage.
You closely miss the gnoll.
The gnoll is severely wounded.
The gnoll hits you with a +0 club.
You barely miss the gnoll.
The gnoll is severely wounded.
The gnoll hits you with a +0 club.
You hit the gnoll but do no damage.
The gnoll is severely wounded.
The gnoll misses you. The gnoll barely misses you.
You closely miss the gnoll.
The gnoll is severely wounded.
The gnoll closely misses you.
You hit the gnoll.
The gnoll is severely wounded.
The gnoll hits you but does no damage.
You barely miss the gnoll.
The gnoll is severely wounded.
The gnoll hits you with a +0 club.
* * * LOW HITPOINT WARNING * * *
You closely miss the gnoll.
The gnoll is severely wounded.
The gnoll hits you with a +0 club.
* * * LOW HITPOINT WARNING * * *
The gnoll hits you with a +0 club.
* * * LOW HITPOINT WARNING * * *
You hit the gnoll.
You kill the gnoll!
You hit the gnoll.
The gnoll is moderately wounded.
The gnoll barely misses you.
You hit the gnoll.
The gnoll is heavily wounded.
The gnoll hits you with a +0 whip.
* * * LOW HITPOINT WARNING * * *
The gnoll hits you with a +0 whip.
You die...

†.....# #.........# #.#.# #.##
#####.#####.........####.#.###.##
..†..............................
#####.#####.........####.##..#.##
.....................###.......##
#####.#########..........##..####
#.# #.#####.##.##.<# # #.#
#######.### #.##.##.## #.#
#.......@.# #.##.##)# #.#
#.#####.#g# #..#.##.# #.# #.#
#.#.# ##.#.##.# #####.# #.# #.#.#
#.#.##.# ...##.# #.# #.#.#
#...##.# ...##<# #.#####.#.#
##..##.##### ...#### #.......#.#
#.......... ...# #########.#
##.##.##### #### #.# #.##.#####


You could see a gnoll.

Vanquished Creatures
  A water moccasin skeleton (D:4)
  5 gnolls
  2 adders
  An ufetubus (D:3)
  2 worms
  A dart slug (D:2)
  3 orcs (D:3)
  9 bats
  4 endoplasms
  4 giant cockroaches
  8 goblins
  3 hobgoblins
  4 jackals (D:3)
  2 quokkas (D:1)
  5 ball pythons
  4 frilled lizards
  7 kobolds
  8 rats
73 creatures vanquished.

Notes
Turn   | Place    | Note
-------+----------+-------------------------------------------
     0 | D:1      | Descartes the Formicid Warper began the quest for the Orb.
     0 | D:1      | Reached XP level 1. HP: 16/16 MP: 3/3
   319 | D:1      | Reached XP level 2. HP: 16/22 MP: 5/5
   424 | D:1      | Reached skill level 1 in Shields
   886 | D:1      | Reached XP level 3. HP: 14/27 MP: 6/6
  1199 | D:1      | Found Plog's Distillery.
  1233 | D:1      | Found a faded altar of an unknown god.
  2021 | D:2      | Reached XP level 4. HP: 26/33 MP: 7/7
  2964 | D:3      | Reached XP level 5. HP: 31/38 MP: 8/8
  3863 | D:3      | Reached XP level 6. HP: 27/44 MP: 9/9
  4028 | D:3      | Slain by a gnoll

Illustrated notes

Levels and vault maps discovered:
D:1:      tarquinn_simple_flora_water_d, layout_basic, serial_shops,
          nicolae_shop_trees, basic_ecumenical_altar, hex_medium
D:2:      layout_basic
D:3:      layout_basic
D:4:      layout_cave_pools, makhleb_heckhound_becter, supply_closet_lemuel

Skill      XL: |  1  2  3  4  5 |
---------------+----------------+-----
Shields        | 1 2 3 |  3.1
Translocations | 3 |  3.6
Armour         | 2 3 |  3.1
Maces & Flails | 3 |  3.3
Fighting       | |  2.1
Throwing       | |  1.0
Dodging        | |  1.7
Spellcasting   | |  2.1

Action                   |  1- 3 |  4- 6 || total
-------------------------+-------+-------++-------
Melee: Mace              |   118 |   154 ||   272
       Punch             |     1 |     1 ||     2
Armor: Leather armour    |    52 |    26 ||    78
       Ring mail         |       |    55 ||    55
Dodge: Dodged            |    94 |   118 ||   212
